 Dungeon Crawl Stone Soup version 0.17.0-56-gd8de76c (webtiles) character file.

106 Opium the Caller (level 4, -3/31 HPs)
             Began as a Vampire Summoner on Dec 5, 2015.
             Killed by divine providence
             ... invoked by an orc priest
              (13 damage)
             ... on level 3 of the Dungeon.
             The game lasted 00:27:44 (3128 turns).

Opium the Caller (Vampire Summoner)                 Turns: 3128, Time: 00:27:44

Health: -3/31      AC:  4    Str:  7    XL:     4   Next: 55%
Magic:  0/7        EV: 13    Int: 18    God:
Gold:   188        SH:  0    Dex: 14    Spells: 2 memorised, 3 levels left

rFire  . . .     SeeInvis +     g - +2 dagger
rCold  . . .     Clarity  .     a - +0 robe
rNeg   + . .     SustAt   .     (no shield)
rPois  .         Gourm    .     d - +0 helmet
rElec  .         Spirit   .     i - +0 cloak
rCorr  .         Warding  .     (no gloves)
rMut   .         Stasis   .     (no boots)
MR     .....                    (no amulet)
Stlth  +++.......               (no ring)
                                (no ring)

@: not resistant to hostile enchantments, fairly stealthy
A: fangs 3, see invisible, unbreathing
a: Bat Form


You were on level 3 of the Dungeon.
You were not thirsty.

You visited 1 branch of the dungeon, and saw 3 of its levels.

You collected 188 gold pieces.

Inventory:

Hand Weapons
 g - a +2 dagger (weapon)
Armour
 a - a +0 robe (worn)
 d - a +0 helmet (worn)
 i - a +0 cloak (worn)
Magical Staves
 j - an uncursed staff of energy
Scrolls
 f - a scroll of fog
 h - 2 scrolls of remove curse
 k - a scroll of blinking {unknown}
 l - 2 scrolls of enchant armour
 m - a scroll of teleportation {unknown}
Potions
 c - 2 potions of blood
 e - 2 potions of resistance
 n - a potion of magic {unknown}
 o - a potion of degeneration {unknown}
Books
 b - a book of Callings

   Spells                             Type                      Level
   a - Summon Small Mammal            Summoning                    1
   b - Call Imp                       Summoning                    2
   c - Call Canine Familiar           Summoning                    3
   d - Summon Guardian Golem          Hexes/Summoning              3
   e - Summon Lightning Spire         Summoning/Air                4
   f - Summon Ice Beast               Ice/Summoning                4


   Skills:
 + Level 0.5 Fighting
 + Level 0.4 Short Blades
 + Level 2.9 Dodging
 + Level 4.3 Stealth
 + Level 0.2 Unarmed Combat
 + Level 2.3 Spellcasting
 + Level 0.4 Hexes
 + Level 4.8 Summonings


You had 3 spell levels left.
You knew the following spells:

 Your Spells              Type           Power        Failure   Level  Hunger
a - Summon Small Mammal   Summ           ###.         2%          1    #......
b - Summon Guardian Gole  Hex/Summ       ##......     21%         3    ###....


Dungeon Overview and Level Annotations

Branches:
Dungeon (3/15)

Altars:
Dithmenos
The Shining One


Innate Abilities, Weirdness & Mutations

You have razor-sharp teeth.
You have supernaturally acute eyesight.
You can survive without breathing.


Message History

What do you say? t - Shout!
Orders for allies: a - Attack new target. p - Attack previous target. r - Retreat! s - Stop attacking. w - Wait here. f - Follow me.
Anything else - Stay silent.
Gang up on whom?
Press: ? - help, Dir - move target cursor, f/p - orc priest
Aim: an orc priest, wielding a mace and wearing a leather armour (severely wounded, hasn't noticed you) Attack!
The orc priest shouts!
Your quokka closely misses the orc priest.
The orc priest closely misses your quokka.
You swap places.
Your quokka bites the orc priest but does no damage.
The orc priest misses your quokka.
Your quokka barely misses the orc priest.
The orc priest invokes the aid of Beogh against you.
Something smites you!
You die...

#.#########..... #o#
######.##.#
#.####....#.##[#
#.##...r..o.....
#.##.#.####.##.#
#....#[# #.##..
#.####.# #.....
#######.####.# ###.#.
#r.r.@....##)# ...
#o#####.#.)).# ##[.
#.# #...#.)###### .#
#.# #.#.#ยง.# #.. #o#
#...#g.###.## #.#
#.###.(##...# . #.#
#.# #..##...### ..
#.###.###.....<...#.#
#...................#


You could see an orc priest and 2 friendly quokkas.

Vanquished Creatures
  4 orcs (D:3)
  A giant cockroach (D:3)
  7 goblins
  5 hobgoblins
  4 jackals
  A kobold (D:3)
  A quokka (D:3)
  5 bats
  3 giant geckos
  A giant gecko skeleton (D:1)
  A giant newt (D:3)
  7 rats
40 creatures vanquished.

Vanquished Creatures (collateral kills)
  Robin (D:3)
  4 adders
  A worm (D:2)
  4 orcs (D:3)
  A bat (D:3)
  2 giant cockroaches (D:1)
  8 goblins
  3 hobgoblins
  A jackal (D:1)
  A quokka (D:3)
  6 giant newts (D:1)
  2 kobolds (D:3)
  A rat (D:1)
35 creatures vanquished.

Grand Total: 75 creatures vanquished

Notes
Turn   | Place    | Note
--------------------------------------------------------------
     0 | D:1      | Opium the Vampire Summoner began the quest for the Orb.
     0 | D:1      | Reached XP level 1. HP: 13/13 MP: 3/3
     7 | D:1      | Noticed a water moccasin
     7 | D:1      | Noticed a lindwurm
     7 | D:1      | Noticed a polar bear
     7 | D:1      | Noticed a komodo dragon
   367 | D:1      | Reached XP level 2. HP: 5/19 MP: 3/5
  1654 | D:2      | Reached XP level 3. HP: 23/25 MP: 6/6
  1724 | D:2      | Learned a level 3 spell: Summon Guardian Golem
  1863 | D:2      | You fall through a shaft!
  1920 | D:3      | Found a shadowy altar of Dithmenos.
  2240 | D:3      | Found a glowing golden altar of the Shining One.
  2391 | D:3      | Noticed Robin
  2410 | D:3      | Reached XP level 4. HP: 14/31 MP: 5/7
  2867 | D:3      | Killed Robin
  3128 | D:3      | Killed from afar by an orc priest

Action                   |  1- 3 |  4- 6 || total
-------------------------+-------+-------++-------
Melee: Unarmed           |    19 |       ||    19
       Dagger            |    83 |    35 ||   118
 Cast: Summon Small Mamm |    26 |    31 ||    57
       Summon Guardian G |     4 |     2 ||     6
 Abil: End Transformatio |     1 |     1 ||     2
       Bat Form          |     1 |     1 ||     2
  Use: Scroll            |     7 |     1 ||     8
       Potion            |     4 |     3 ||     7
 Stab: Sleeping          |    10 |     4 ||    14
  Eat: Corpse            |     2 |       ||     2
